 Dungeon Crawl Stone Soup version 0.29.1-15-g9cfb28693d (webtiles) character file.

Game seed: 2455513346547466225

1407 growler the Destroyer (level 8, -4/41 HPs)
             Began as a Deep Elf Conjurer on Mar 10, 2023.
             Slain by an orc warrior
             ... wielding a +0 scimitar
              (19 damage)
             ... on level 5 of the Dungeon.
             The game lasted 00:20:29 (6193 turns).

growler the Destroyer (Deep Elf Conjurer)           Turns: 6193, Time: 00:20:30

Health: -4/41      AC:  3    Str:  4    XL:     8   Next: 42%
Magic:  2/20       EV: 12    Int: 26    God:
Gold:   240        SH:  0    Dex: 13    Spells: 7/21 levels left

rFire   . . .      SeeInvis .   j - +1 dagger (venom)
rCold   + . .      Faith    .   (no shield)
rNeg    . . .      Spirit   .   a - +0 robe
rPois   .          Reflect  .   m - +0 helmet
rElec   .          Harm     .   (no cloak)
rCorr   +          Rampage  .   (no gloves)
Will    .....                   (no boots)
Stlth   ++........              (no amulet)
HPRegen 0.13/turn               r - ring of protection from cold
MPRegen 0.17/turn               n - ring of resist corrosion

@: about to teleport
A: no striking features
a: no special abilities


You were on level 5 of the Dungeon.
You visited 1 branch of the dungeon, and saw 5 of its levels.

You collected 240 gold pieces.

Inventory:

Hand Weapons
 d - a +2 dagger of protection
 j - a +1 dagger of venom (weapon)
Armour
 a - a +0 robe (worn)
 m - a +0 helmet (worn)
Jewellery
 n - a ring of resist corrosion (right hand)
 r - a ring of protection from cold (left hand)
Wands
 l - a wand of digging (6)
Scrolls
 c - a scroll of torment
 e - 2 scrolls of immolation
 g - 5 scrolls of identify
 h - a scroll of teleportation
 i - a scroll of enchant armour {unknown}
 k - a scroll of poison
 o - 2 scrolls of fear {unknown}
 q - a scroll of butterflies {unknown}
 u - a scroll of vulnerability {unknown}
Potions
 b - a potion of magic
 f - 3 potions of curing
 p - a potion of mutation {unknown}
 s - 2 potions of haste
 t - 2 potions of heal wounds


   Skills:
 + Level 0.1 Fighting
 + Level 2.5 Dodging
 - Level 2.4 Stealth
 - Level 7.0 Spellcasting
 - Level 11.0 Conjurations
 + Level 0.2 Hexes


You had 7 spell levels left.
You knew the following spells:

 Your Spells              Type           Power      Damage    Failure   Level
a - Magic Dart            Conj           100%       1d8       1%          1
b - Searing Ray           Conj           100%       2d8       1%          2
c - Dazzling Flash        Conj/Hex       76%        N/A       1%          3
d - Fulminant Prism       Conj/Hex       19%        3d11      6%          4
e - Iskenderun's Mystic   Conj/Tloc      37%        2d9       6%          4

Your spell library contained the following spells:

 Spells                   Type           Power      Damage    Failure   Level
 Ensorcelled Hibernation  Hex/Ice        18%        N/A       9%          2
 Passwall                 Tmut/Erth      7%         N/A       10%         2
 Tukima's Dance           Hex            10%        N/A       17%         3
 Portal Projectile        Hex/Tloc       18%        N/A       19%         3
 Swiftness                Air            9%         N/A       19%         3
 Animate Dead             Necr           9%         N/A       52%         4
 Blade Hands              Tmut           4%         N/A       86%         5
 Haunt                    Necr/Summ      4%         N/A       100%        7
 Borgnjor's Revivificati  Necr           4%         N/A       100%        8
 Infestation              Necr           4%         N/A       100%        8
 Necromutation            Tmut/Necr      4%         N/A       100%        8
 Death's Door             Necr           4%         N/A       100%        9


Dungeon Overview and Level Annotations

Branches:
Dungeon (5/15)
 Temple: D:4-7

Altars:
Dithmenos
Makhleb

Shops:
D:2 *=[*   D:5 *


Message History

The mystic blast hits the orc warrior!
The orc warrior is heavily wounded.
The orc warrior is knocked back by the mystic blast.
The orc warrior slams into the rock wall!
The mystic blast hits the orc wizard.
You kill the orc wizard!
Training target 11.0 for Conjurations reached!
Your Conjurations skill increases to level 11!
You need to enable at least one skill for training.
Casting: Iskenderun's Mystic Blast (quite dangerous; 6% risk of failure)
Confirm with . or Enter, or press ? or * to list all spells.
The spell is quite dangerous to miscast (6% risk of failure)!
Continue anyway?
You erupt in a blast of force!
The mystic blast hits the orc warrior but does no damage.
The orc warrior is heavily wounded.
The orc warrior hits you with a +0 scimitar.
Casting: Iskenderun's Mystic Blast (quite dangerous; 6% risk of failure)
Confirm with . or Enter, or press ? or * to list all spells.
The spell is quite dangerous to miscast (6% risk of failure)!
Continue anyway?
You erupt in a blast of force!
The mystic blast hits the orc!
You kill the orc!
The mystic blast hits the orc warrior but does no damage.
The orc warrior is heavily wounded.
The orc warrior misses you.
Unknown command.
Casting: Iskenderun's Mystic Blast (quite dangerous; 6% risk of failure)
Confirm with . or Enter, or press ? or * to list all spells.
The spell is quite dangerous to miscast (6% risk of failure)!
Continue anyway?
You erupt in a blast of force!
The mystic blast hits the orc warrior but does no damage.
The orc warrior is heavily wounded.
The orc warrior closely misses you.
Unknown command.
The orc warrior attacks as you move away!
The orc warrior hits you with a +0 scimitar.
As you read the scroll of teleportation, it crumbles to dust.
You feel strangely unstable. The orc warrior misses you.
The orc warrior attacks as you move away!
The orc warrior hits you with a +0 scimitar!!
You die...

#...#.######...####..#∩#..#
#...#.# ##........#.#..# #...#.#
#.#######...### #...#.# ####.###
#.....# #...#.# #......# #.....#
...)..####.##.#.# ###..##
#...####......#.## ##)######.#
...## #.#.#.....######)...[...#
########.#.#.##.@o........######
###........#.##.###########
....#.#..#......#
......#......####
##..###.##.##### #..###.##.#...#
##......##.....#
......######...# ......# ##.##


You could see an orc warrior.

Vanquished Creatures
  Prince Ribbit (D:5)
  Eustachio (D:4)
  A black bear (D:5)
  2 ogres
  3 scorpions
  2 hounds (D:4)
  3 iron imps (D:3)
  2 jellies
  An orc priest (D:5)
  An iguana (D:5)
  4 orc wizards
  7 gnolls
  6 adders
  4 worms
  2 dart slugs (D:1)
  14 orcs
  7 endoplasms
  5 giant cockroaches
  10 goblins
  6 hobgoblins
  4 quokkas
  6 ball pythons
  5 bats
  7 frilled lizards
  A kobold (D:3)
  4 rats
109 creatures vanquished.

Vanquished Creatures (others)
  9 fulminant prisms
9 creatures vanquished.

Grand Total: 118 creatures vanquished

Notes
Turn   | Place    | Note
-------+----------+-------------------------------------------
     0 | D:1      | growler the Deep Elf Conjurer began the quest for the Orb.
     0 | D:1      | Reached XP level 1. HP: 10/10 MP: 6/6
   136 | D:1      | Reached XP level 2. HP: 4/15 MP: 0/8
   402 | D:1      | Learned a level 2 spell: Searing Ray
   993 | D:1      | Reached XP level 3. HP: 19/19 MP: 8/10
  1156 | D:1      | Learned a level 3 spell: Dazzling Flash
  1176 | D:2      | You fall into a shaft and drop 1 floor!
  1188 | D:3      | Reached skill level 5 in Conjurations
  1553 | D:2      | Found Ithramp's Jewellery Emporium.
  1554 | D:2      | Found Zitepnifa's General Store.
  1559 | D:2      | Reached XP level 4. HP: 24/24 MP: 7/12
  1784 | D:2      | Found a faded altar of an unknown god.
  1853 | D:2      | Found Tywko's General Store.
  1921 | D:2      | Found Oweh Gei's Antique Armour Shop.
  2222 | D:3      | Reached skill level 5 in Spellcasting
  2534 | D:3      | Reached skill level 6 in Conjurations
  2634 | D:3      | Found a burning altar of Makhleb.
  2675 | D:3      | Reached XP level 5. HP: 28/28 MP: 0/14
  3233 | D:3      | Reached skill level 7 in Conjurations
  3306 | D:3      | Reached XP level 6. HP: 27/32 MP: 6/15
  3428 | D:3      | Learned a level 4 spell: Fulminant Prism
  3433 | D:3      | Learned a level 4 spell: Iskenderun's Mystic Blast
  3955 | D:4      | Noticed Eustachio
  3965 | D:4      | Killed Eustachio
  3966 | D:4      | Reached skill level 8 in Conjurations
  3966 | D:4      | Reached XP level 7. HP: 36/36 MP: 5/18
  4501 | D:5      | Entered Level 5 of the Dungeon
  4663 | D:5      | Noticed Prince Ribbit
  4717 | D:5      | Reached skill level 9 in Conjurations
  5319 | D:5      | HP: 1/36 [Prince Ribbit (14)]
  5325 | D:5      | Killed Prince Ribbit
  5326 | D:5      | Reached skill level 10 in Conjurations
  5326 | D:5      | Reached XP level 8. HP: 9/41 MP: 1/20
  5691 | D:5      | Found Enlifiol's Neck Hole.
  5866 | D:5      | Found a shadowy altar of Dithmenos.
  6182 | D:5      | Reached skill level 11 in Conjurations
  6193 | D:5      | Slain by an orc warrior

Illustrated notes

Levels and vault maps discovered:
D:1:      minmay_arrival_nine_rooms, layout_basic, minmay_pentomino_w2
D:2:      layout_rooms, dilly_ecumenical_altar_fadedgnrine, serial_shops,
          nicolae_lakefront_shop, shop_statue, nicolae_shop_stone, shop,
          chequers_serial_rivers_large_b, minmay_misc_feat_doors, nrook_campfire
D:3:      layout_basic, demons_altar
D:4:      layout_gridville, uniq_eustachio
D:5:      layout_loops_cross, grunt_dithmenos_smoke,
          nicolae_shop_sticking_my_neck_out, uniq_prince_ribbit1

Skill      XL: |  1  2  3  4  5  6  7  8 |
---------------+-------------------------+-----
Spellcasting   | 4 5 6 7 |  7.0
Conjurations   | 5 6 7 8 10 11 | 11.0
Fighting       | |  0.1
Dodging        | |  2.5
Stealth        | |  2.4
Hexes          | |  0.2

Action                   |  1- 3 |  4- 6 |  7- 9 || total
-------------------------+-------+-------+-------++-------
Melee: Dagger            |       |     2 |     7 ||     9
 Cast: Magic Dart        |    59 |    85 |    62 ||   206
       Searing Ray       |     2 |    10 |     8 ||    20
       Fulminant Prism   |       |     3 |     6 ||     9
       Iskenderun's Myst |       |       |    11 ||    11
  Use: Scroll            |       |     7 |     4 ||    11
       Potion            |       |       |     1 ||     1
Armor: Robe              |     7 |     3 |     6 ||    16
Dodge: Dodged            |     8 |    14 |    33 ||    55
